 Dungeon Sprint DCSS version 0.24-a0-618-ge4662a2d14 (webtiles) character file.

Game seed: 8782427538581322110, levelgen mode: deterministic

324591 MordorOrchid the Genius of the Arcane (level 20, -16/187 HPs)
             Began as a Gnoll Venom Mage on Sept 15, 2019.
             Was the Champion of Sif Muna.
             Demolished by a Killer Klown
             ... wielding a +11 club of flaming
              (25 damage)
             ... in the Dungeon (Sprint IX: "|||||||||||||||||||||||||||||").
             The game lasted 02:17:11 (4464 turns).

MordorOrchid the Genius of the Arcane (GnVM)        Turns: 4464, Time: 02:17:11

Health: -16/187    AC: 19    Str: 15    XL:     20   Next: 13%
Magic:  26/48      EV: 32    Int: 30    God:    Sif Muna [******]
Gold:   47         SH:  0    Dex: 18    Spells: 4/67 levels left

rFire    + + .     SeeInvis .   a - +9 scimitar of Tuowaow {flame, Int+7}
rCold    + . .     Gourm    .   (no shield)
rNeg     + + +     Faith    .   (no armour)
rPois    ∞         Spirit   .   K - +2 helmet
rElec    .         Reflect  .   Y - +1 cloak
rCorr    .         Harm     .   N - +2 pair of gloves {archery}
MR       ++...     NoTele   +   q - +0 pair of boots "Xyam" {rF+ Str+3}
Stlth    +++++++++.             h - amulet of regeneration
HPRegen  0.81/turn              O - ring of protection from fire
MPRegen  0.31/turn              s - ring of wizardry

@: confusing touch, lich-form
A: distributed training, fangs 1, strong nose
}: 5/17 runes: decaying, serpentine, barnacled, silver, gossamer
a: End Transformation, Channel Magic, Forget Spell, Divine Exegesis, Renounce
Religion


You were in the Dungeon.
You worshipped Sif Muna.
Sif Muna was exalted by your worship.
You were not hungry.
You were a lich.
You visited 1 branch You collected 1923 gold pieces.
You spent 1876 gold pieces at shops.

Inventory:

Hand Weapons
 a - the +9 scimitar of Tuowaow (weapon) {flame, Int+7}
   (You found it in the Dungeon)

   It has been specially enchanted to burn those struck by it, causing extra
   injury to most foes and up to half again as much damage against particularly
   susceptible opponents.
   Big, fiery blades are also staple armaments of hydra-hunters.
   It affects your intelligence (+7).
 j - a +9 longbow of flaming
 y - the +9 quick blade of Fissiow {pierce, rC+}
   (You bought it in a shop in the Dungeon)

   It inflicts extra damage upon your enemies.
   It protects you from cold.
 I - the +5 broad axe of the Pyrrhic Victory {pain, rElec}
   (You found it in the Dungeon)

   In the hands of one skilled in necromantic magic, it inflicts extra damage on
   living creatures.
   It insulates you from electricity.
 M - the +5 double sword of Midwinter {holy, rF+ Int+2}
   (You found it in the Dungeon)

   It has been blessed by the Shining One to cause great damage to the undead
   and demons.
   It affects your intelligence (+2).
   It protects you from fire.
Missiles
 b - 61 arrows
 m - 33 javelins (quivered)
 w - 124 bolts
 D - 11 boomerangs
 Q - 35 silver javelins
Armour
 q - the +0 pair of boots "Xyam" (worn) {rF+ Str+3}
   (You found it in the Dungeon)

   It affects your strength (+3).
   It protects you from fire.
 v - a +3 scale mail
 K - a +2 helmet (worn)
 N - a +2 pair of gloves of archery (worn)
 R - a +3 ring mail of cold resistance
 W - a +2 chain mail of fire resistance
 X - a +5 large shield
 Y - a +1 cloak (worn)
Magical Staves
 t - an uncursed staff of conjuration
 x - an uncursed staff of energy
Jewellery
 h - an amulet of regeneration (around neck)
 s - a ring of wizardry (right hand)
 z - the ring of Xom's Flight of Fancy {-Tele +Inv rPois MR+++ Str+3}
   (You found it in the Dungeon)

   [ring of strength]

   It affects your strength (+3).
   It protects you from poison.
   It affects your resistance to hostile enchantments.
   It lets you turn invisible.
   It prevents most forms of teleportation.
 F - an uncursed ring of see invisible
 J - an uncursed ring of poison resistance
 L - the ring "Zotesed" {Ice *Contam +Blink Int+9 Dex-4}
   (You found it in the Dungeon)

   [ring of ice]

   It enhances your ice magic.
   It affects your intelligence (+9).
   It affects your dexterity (-4).
   It makes you vulnerable to fire.
   It protects you from cold.
   It lets you blink.
   It causes magical contamination when unequipped.
 O - a ring of protection from fire (left hand)
 P - the ring of Yxausioch {rC+ Dex+4}
   (You found it in the Dungeon)

   [ring of protection from cold]

   It affects your dexterity (+4).
   It protects you from cold.
Wands
 n - a wand of iceblast (9)
 S - a wand of polymorph (8)
 T - a wand of flame (22)
Scrolls
 i - 8 scrolls of blinking
 l - 5 scrolls of remove curse
 o - 4 scrolls of enchant armour
 A - a scroll of holy word
 B - 3 scrolls of fear
 C - 2 scrolls of fog
 G - 2 scrolls of enchant weapon
 V - a scroll of identify
Potions
 d - 8 potions of curing
 e - 4 potions of mutation
 f - a potion of lignification
 g - 4 potions of magic
 k - 2 potions of brilliance
 r - 2 potions of might
 u - 6 potions of haste
 E - a potion of agility
 H - 2 potions of cancellation
 U - 11 potions of heal wounds
 Z - 3 potions of berserk rage
Comestibles
 c - 18 rations
 p - 3 chunks of flesh


   Skills:
 + Level 23.6 Fighting
 + Level 23.6 Short Blades
 + Level 23.6 Long Blades
 + Level 23.6 Axes
 + Level 23.6 Maces & Flails
 + Level 23.6 Polearms
 + Level 23.6 Staves
 + Level 23.6 Slings
 + Level 23.6 Bows
 + Level 23.6 Crossbows
 + Level 23.6 Throwing
 + Level 23.6 Armour
 + Level 23.9 Dodging
 + Level 23.9 Stealth
 + Level 23.6 Shields
 + Level 23.6 Unarmed Combat
 + Level 24.0 Spellcasting
 + Level 20.7 Conjurations
 + Level 20.6 Hexes
 + Level 20.6 Charms
 + Level 20.6 Summonings
 + Level 20.6 Necromancy
 + Level 20.6 Translocations
 + Level 20.6 Transmutations
 + Level 20.6 Fire Magic
 + Level 20.6 Ice Magic
 + Level 20.6 Air Magic
 + Level 20.6 Earth Magic
 + Level 21.0 Poison Magic
 + Level 25.3 Invocations
 + Level 23.6 Evocations


You had 4 spell levels left.
You knew the following spells:

 Your Spells              Type           Power        Failure   Level  Hunger
b - Olgreb's Toxic Radia  Pois           ########     0%          4    N/A
e - Borgnjor's Vile Clut  Necr/Erth      ########..   0%          5    N/A
f - Ignition              Fire           ########..   1%          8    N/A
g - Mephitic Cloud        Conj/Pois/Air  ########     0%          3    N/A
h - Bolt of Magma         Conj/Fire/Erth ########..   0%          5    N/A
j - Summon Lightning Spi  Summ/Air       ########     0%          4    N/A
k - Regeneration          Chrm/Necr      ########..   0%          3    N/A
l - Glaciate              Conj/Ice       ########..   7%          9    N/A
o - Orb of Destruction    Conj           ########..   1%          7    N/A
p - Passage of Golubria   Tloc           N/A          0%          4    N/A
u - Animate Skeleton      Necr           N/A          0%          1    N/A
x - Blink                 Tloc           N/A          0%          2    N/A
y - Statue Form           Tmut/Erth      ########.    1%          6    N/A
z - Apportation           Tloc           ######       0%          1    N/A
A - Confusing Touch       Hex            ######       0%          1    N/A

Your spell library contained the following spells:

 Spells                   Type           Power        Failure   Level  Hunger
 Beastly Appendage        Tmut           ######       0%          1    N/A
 Corona                   Hex            #######      0%          1    N/A
 Flame Tongue             Conj/Fire      #####        0%          1    N/A
 Freeze                   Ice            ####         0%          1    N/A
 Infusion                 Chrm           ####         0%          1    N/A
 Magic Dart               Conj           ####         0%          1    N/A
 Pain                     Necr           ####         0%          1    N/A
 Sandblast                Erth           ######       0%          1    N/A
 Shock                    Conj/Air       ####         0%          1    N/A
 Sting                    Conj/Pois      ####         0%          1    N/A
 Summon Butterflies       Summ           ########     0%          1    N/A
 Summon Small Mammal      Summ           ####         0%          1    N/A
 Call Imp                 Summ           ########     0%          2    N/A
 Corpse Rot               Necr           N/A          0%          2    N/A
 Ensorcelled Hibernation  Hex/Ice        ######       0%          2    N/A
 Passwall                 Tmut/Erth      ########     0%          2    N/A
 Poisonous Vapours        Pois/Air       ######       0%          2    N/A
 Searing Ray              Conj           ######       0%          2    N/A
 Shroud of Golubria       Chrm/Tloc      ######       0%          2    N/A
 Slow                     Hex            ########     0%          2    N/A
 Song of Slaying          Chrm           ########     0%          2    N/A
 Sticks to Snakes         Tmut           ########     0%          2    N/A
 Sublimation of Blood     Necr           ########..   0%          2    N/A
 Swiftness                Chrm/Air       ########     0%          2    N/A
 Throw Flame              Conj/Fire      ######       0%          2    N/A
 Throw Frost              Conj/Ice       ######       0%          2    N/A
 Call Canine Familiar     Summ           ########     0%          3    N/A
 Confuse                  Hex            ########     0%          3    N/A
 Conjure Flame            Conj/Fire      ########     0%          3    N/A
 Dazzling Spray           Conj/Hex       ######       0%          3    N/A
 Gell's Gravitas          Tloc           ########..   0%          3    N/A
 Ignite Poison            Fire/Tmut/Pois ########     0%          3    N/A
 Inner Flame              Hex/Fire       ########     0%          3    N/A
 Lesser Beckoning         Tloc           ########..   0%          3    N/A
 Ozocubu's Armour         Chrm/Ice       ########     0%          3    N/A
 Portal Projectile        Hex/Tloc       ######       0%          3    N/A
 Recall                   Summ/Tloc      N/A          0%          3    N/A
 Spectral Weapon          Hex/Chrm       ########     0%          3    N/A
 Spider Form              Tmut/Pois      ########..   0%          3    N/A
 Static Discharge         Conj/Air       ########     0%          3    N/A
 Stone Arrow              Conj/Erth      ######       0%          3    N/A
 Summon Guardian Golem    Hex/Summ       ########     0%          3    N/A
 Teleport Other           Tloc           ########     0%          3    N/A
 Tukima's Dance           Hex            ########     0%          3    N/A
 Vampiric Draining        Necr           ########..   0%          3    N/A
 Airstrike                Air            ########..   0%          4    N/A
 Animate Dead             Necr           N/A          0%          4    N/A
 Cause Fear               Hex            ########..   0%          4    N/A
 Force Lance              Conj/Tloc      ########     0%          4    N/A
 Fulminant Prism          Conj/Hex       ########..   0%          4    N/A
 Ice Form                 Ice/Tmut       ########     0%          4    N/A
 Iskenderun's Mystic Bla  Conj           ########     0%          4    N/A
 Leda's Liquefaction      Hex/Erth       ########..   0%          4    N/A
 Petrify                  Tmut/Erth      ########     0%          4    N/A
 Sticky Flame             Conj/Fire      ########     0%          4    N/A
 Summon Ice Beast         Ice/Summ       ########     0%          4    N/A
 Throw Icicle             Conj/Ice       ########     0%          4    N/A
 Agony                    Necr           ########     0%          5    N/A
 Alistair's Intoxication  Tmut/Pois      ########     0%          5    N/A
 Aura of Abjuration       Summ           ########..   0%          5    N/A
 Blade Hands              Tmut           ########..   0%          5    N/A
 Bolt of Draining         Conj/Necr      ########..   0%          5    N/A
 Dispel Undead            Necr           ########     0%          5    N/A
 Excruciating Wounds      Chrm/Necr      ########..   0%          5    N/A
 Fireball                 Conj/Fire      ########..   0%          5    N/A
 Irradiate                Conj/Tmut      ########..   0%          5    N/A
 Iskenderun's Battlesphe  Conj/Chrm      ########     0%          5    N/A
 Lee's Rapid Deconstruct  Erth           ########..   0%          5    N/A
 Lightning Bolt           Conj/Air       ########..   0%          5    N/A
 Metabolic Englaciation   Hex/Ice        ########..   0%          5    N/A
 Silence                  Hex/Air        ########..   0%          5    N/A
 Summon Demon             Summ           ########..   0%          5    N/A
 Summon Forest            Summ/Tloc      ########..   0%          5    N/A
 Summon Mana Viper        Hex/Summ       ########     0%          5    N/A
 Venom Bolt               Conj/Pois      ########..   0%          5    N/A
 Yara's Violent Unravell  Hex/Tmut       ########..   0%          5    N/A
 Bolt of Cold             Conj/Ice       ########..   1%          6    N/A
 Bolt of Fire             Conj/Fire      ########..   1%          6    N/A
 Conjure Ball Lightning   Conj/Air       ########..   1%          6    N/A
 Darkness                 Hex            ########..   1%          6    N/A
 Death Channel            Necr           ########..   1%          6    N/A
 Deflect Missiles         Chrm/Air       ########..   1%          6    N/A
 Dispersal                Tloc           ########..   1%          6    N/A
 Freezing Cloud           Conj/Ice/Air   ########..   1%          6    N/A
 Hydra Form               Tmut           ########..   1%          6    N/A
 Invisibility             Hex            ########     1%          6    N/A
 Iron Shot                Conj/Erth      ########..   1%          6    N/A
 Ozocubu's Refrigeration  Ice            ########..   1%          6    N/A
 Poison Arrow             Conj/Pois      ########..   1%          6    N/A
 Shadow Creatures         Summ           N/A          1%          6    N/A
 Simulacrum               Ice/Necr       ########..   1%          6    N/A
 Dragon Form              Tmut           ########..   1%          7    N/A
 Haunt                    Necr/Summ      ########..   1%          7    N/A
 Malign Gateway           Summ/Tloc      ########..   1%          7    N/A
 Monstrous Menagerie      Summ           ########..   1%          7    N/A
 Ring of Flames           Chrm/Fire      ########..   1%          7    N/A
 Spellforged Servitor     Conj/Summ      ########..   1%          7    N/A
 Summon Greater Demon     Summ           ########..   1%          7    N/A
 Summon Hydra             Summ           ########..   1%          7    N/A
 Borgnjor's Revivificati  Necr           ########..   1%          8    N/A
 Chain Lightning          Conj/Air       ########..   1%          8    N/A
 Controlled Blink         Tloc           N/A          1%          8    N/A
 Death's Door             Chrm/Necr      ########..   1%          8    N/A
 Discord                  Hex            ########..   1%          8    N/A
 Disjunction              Tloc           ########..   1%          8    N/A
 Infestation              Necr           ########..   1%          8    N/A
 Lehudib's Crystal Spear  Conj/Erth      ########..   1%          8    N/A
 Necromutation            Tmut/Necr      ########..   1%          8    N/A
 Summon Horrible Things   Summ           ########..   1%          8    N/A
 Fire Storm               Conj/Fire      ########..   7%          9    N/A
 Dragon's Call            Summ           ########..   8%          9    N/A
 Shatter                  Erth           ########..   8%          9    N/A
 Tornado                  Air            ########..   8%          9    N/A

Dungeon Overview and Level Annotations

Branches:
Dungeon (1/1)

Altars:
Cheibriados
Dithmenos
Elyvilon
Fedhas
Gozag
Hepliaklqana
Kikubaaqudgha
Makhleb
Nemelex Xobeh
Okawaru
Qazlal
Ru
Sif Muna
Trog
Uskayaw
Vehumet
Wu Jian
Xom
Yredelemnul
Zin
The Shining One
Beogh
Jiyva
Lugonu

Shops:
D **%?


Innate Abilities, Weirdness & Mutations

Your experience applies equally to all skills.
You have very sharp teeth.
Your uncanny sense of smell can sniff out nearby items.


Message History

Okay, then.
Unknown command.
Unknown command.
Unknown command.
You cannot cast spells when silenced!
You hit the Killer Klown but do no damage.
Your punch misses the Killer Klown.
You bite the Killer Klown, but do no damage.
The Killer Klown is lightly wounded.
The Killer Klown headlocks you with a +11 club of flaming!!
* * * LOW HITPOINT WARNING * * *
The Killer Klown burns you.
* * * LOW HITPOINT WARNING * * *
Unknown command.
Okay, then.
You can't drink.
Unknown command.
Your hearing returns.
The Killer Klown karate-kicks you with a +11 club of flaming!!
You die... ....))))Z)...[[[[)[[..=.......... ▓▓▓▓▓▓▓▓▓▓▓▓▓▓▓▓▓▓▓▓▓▓▓▓▓▓▓▓▓▓▓▓▓ ................................. ▓▓▓▓▓▓▓▓▓▓▓▓▓▓▓▓▓▓▓▓▓▓▓▓▓▓▓▓▓▓▓▓▓ )Z)Z..ZZ.ZZ.ZZZZZ)Z%ZZ..Z.Z.Z.)∆Z

▓▓▓▓▓▓▓▓▓▓▓▓▓▓▓▓▓▓▓▓▓▓▓▓▓▓▓▓▓▓▓▓▓
......................^.∆.....^..
▓▓▓▓▓▓▓▓▓▓▓▓▓▓▓▓▓▓▓▓▓▓▓▓▓▓▓▓▓▓▓▓▓
...'%...).).'.'.LpD)†.[((
▓▓▓▓▓▓▓▓▓▓▓▓▓▓▓▓▓▓▓▓▓▓▓▓▓ ∆


You could see a Killer Klown and a golden dragon.

Vanquished Creatures
  2 ancient liches (D)
  3 orbs of fire (D)
  Mara (D)
  Mennas (D)
  Boris (D)
  A Killer Klown (D)
  Saint Roka (D)
  Xtahua (D)
  Frederick (D)
  Nikola (D)
  Jory (D)
  A golden dragon (D)
  2 electric golems (D)
  A lich (D)
  16 Orb Guardians (D)
  3 tentacled monstrosities (D)
  2 quicksilver dragons (D)
  A death cob (D)
  A sphinx (D)
  5 storm dragons (D)
  2 tengu reavers (D)
  4 draconian monks (D)
  7 shadow dragons (D)
  4 nagarajas (D)
  Ilsuiw (D)
  2 draconian knights (D)
  A frost giant (D)
  2 fire giants (D)
  2 ghost moths (D)
  Aizul (D)
  2 emperor scorpions (D)
  Louise (D)
  A vault warden (D)
  A draconian shifter (D)
  3 draconian annihilators (D)
  3 very ugly things (D)
  3 ironheart preservers (D)
  5 stone giants (D)
  A vampire knight (D)
  2 green draconians (D)
  4 black draconians (D)
  4 yellow draconians (D)
  2 red draconians (D)
  A purple draconian (D)
  5 merfolk javelineers (D)
  2 white draconians (D)
  3 fire dragons (D)
  An ettin (D)
  2 great orbs of eyes (D)
  A rakshasa (D)
  3 merfolk impalers (D)
  3 yaktaur captains (D)
  5 hydras (D)
  3 naga warriors (D)
  25 vault guards (D)
  3 ice dragons (D)
  Erica (D)
  3 anacondas (D)
  A centaur warrior (D)
  3 merfolk aquamancers (D)
  A two-headed ogre (D)
  3 ogre magi (D)
  A satyr (D)
  2 deep troll shamans (D)
  A deep troll earth mage (D)
  A vampire mage (D)
  A hell knight (D)
  2 shadow wraiths (D)
  A spriggan druid (D)
  2 glowing orange brains (D)
  A deep elf archer (D)
  6 swamp dragons (D)
  5 ironbrand convokers (D)
  2 harpies (D)
  4 orc knights (D)
  A necromancer (D)
  6 orc sorcerers (D)
  2 wolf spiders (D)
  A salamander (D)
  An orb spider (D)
  A cyclops (D)
  3 ugly things (D)
  10 moths of wrath (D)
  3 vault sentinels (D)
  3 naga magi (D)
  A guardian serpent (D)
  An elephant (D)
  6 spiny frogs (D)
  3 black mambas (D)
  A rime drake (shapeshifter) (D)
  2 yaktaurs (D)
  A komodo dragon (D)
  A freezing wraith (D)
  6 demonic crawlers (D)
  An efreet (D)
  A troll (D)
  A hornet (D)
  2 jumping spiders (D)
  5 merfolk (D)
  2 tyrant leeches (D)
  3 blink frogs (D)
  2 bog bodies (D)
  2 slime creatures (D)
  A dream sheep (shapeshifter) (D)
  2 hippogriffs (D)
  A wraith (D)
  4 redbacks (D)
  2 tarantellas (D)
  2 yaks (D)
  A vampire (D)
  A hungry ghost (D)
  3 basilisks (D)
  2 vampire mosquitoes (D)
  4 nagas (D)
  An insubstantial wisp (D)
  3 water moccasins (D)
  3 acid dragons (D)
  3 porcupines (D)
  13 orc warriors (D)
  2 swamp drakes (D)
  An eye of draining (D)
  2 ogres (D)
  A crocodile (D)
  4 bullfrogs (D)
  A scorpion (D)
  A wight (D)
  A jelly (D)
  3 orc priests (D)
  10 orc wizards (D)
  2 worker ants (D)
  A shadow imp (D)
  A worm (D)
  A dart slug (D)
  12 orcs (D)
  2 goblins (D)
  A hobgoblin (D)
  A frilled lizard (D)
  A giant cockroach zombie (D)
  2 blocks of ice (D)
370 creatures vanquished.

Vanquished Creatures (collateral kills)
  Sojobo (D)
  A storm dragon (D)
  2 ogre magi (D)
  A fire dragon (D)
  A deep troll shaman (D)
  A deep troll earth mage (D)
  A glowing orange brain (D)
  A salamander (shapeshifter) (D)
  A vault sentinel (D)
  A merfolk (D)
  A wyvern (D)
12 creatures vanquished.

Vanquished Creatures (others)
  A merfolk aquamancer (D)
  A spatial maelstrom (D)
  An ugly thing (D)
3 creatures vanquished.

Grand Total: 385 creatures vanquished

Notes
Turn   | Place    | Note
-------+----------+-------------------------------------------
     0 | D        | MordorOrchid the Gnoll Venom Mage began the quest for the
                  | Orb.
     0 | D        | Reached XP level 1. HP: 13/13 MP: 6/6
     3 | D        | Banished a spatial maelstrom
     7 | D        | Reached skill level 5 in Spellcasting
    12 | D        | Reached skill level 1 in Invocations
    13 | D        | Reached skill level 1 in Fighting
    13 | D        | Reached skill level 1 in Short Blades
    13 | D        | Reached skill level 1 in Long Blades
    13 | D        | Reached skill level 1 in Axes
    13 | D        | Reached skill level 1 in Maces & Flails
    13 | D        | Reached skill level 1 in Polearms
    13 | D        | Reached skill level 1 in Staves
    13 | D        | Reached skill level 1 in Slings
    13 | D        | Reached skill level 1 in Bows
    13 | D        | Reached skill level 1 in Crossbows
    13 | D        | Reached skill level 1 in Throwing
    13 | D        | Reached skill level 1 in Armour
    13 | D        | Reached skill level 1 in Shields
    13 | D        | Reached skill level 1 in Unarmed Combat
    13 | D        | Reached skill level 1 in Evocations
    15 | D        | Reached XP level 2. HP: 13/21 MP: 1/8
    28 | D        | Learned a level 2 spell: Poisonous Vapours
    96 | D        | Noticed an ogre
    96 | D        | Noticed a scorpion
   113 | D        | Killed an ogre
   113 | D        | Reached skill level 5 in Dodging
   113 | D        | Reached skill level 5 in Stealth
   113 | D        | Reached skill level 3 in Invocations
   113 | D        | Reached XP level 3. HP: 28/28 MP: 1/10
   113 | D        | Reached XP level 4. HP: 34/34 MP: 1/11
   113 | D        | Reached XP level 5. HP: 41/41 MP: 1/13
   118 | D        | Learned a level 3 spell: Mephitic Cloud
   150 | D        | Learned a level 4 spell: Olgreb's Toxic Radiance
   156 | D        | Learned a level 5 spell: Venom Bolt
   199 | D        | Reached skill level 4 in Invocations
   201 | D        | Found a roughly hewn altar of Beogh.
   201 | D        | Found a snail-covered altar of Cheibriados.
   201 | D        | Found a shadowy altar of Dithmenos.
   201 | D        | Found a white marble altar of Elyvilon.
   201 | D        | Found a blossoming altar of Fedhas.
   201 | D        | Found an opulent altar of Gozag.
   202 | D        | Found a hazy altar of Hepliaklqana.
   203 | D        | Found a viscous altar of Jiyva.
   204 | D        | Found an ancient bone altar of Kikubaaqudgha.
   205 | D        | Found a corrupted altar of Lugonu.
   206 | D        | Found a burning altar of Makhleb.
   207 | D        | Found a sparkling altar of Nemelex Xobeh.
   208 | D        | Found an iron altar of Okawaru.
   209 | D        | Found a stormy altar of Qazlal.
   210 | D        | Found a sacrificial altar of Ru.
   211 | D        | Found a shimmering blue altar of Sif Muna.
   212 | D        | Found a bloodstained altar of Trog.
   213 | D        | Found a hide-covered altar of Uskayaw.
   214 | D        | Found a radiant altar of Vehumet.
   215 | D        | Found an ornate altar of the Wu Jian Council.
   216 | D        | Found a shimmering altar of Xom.
   217 | D        | Found a basalt altar of Yredelemnul.
   218 | D        | Found a glowing silver altar of Zin.
   219 | D        | Became a worshipper of Sif Muna the Loreminder
   220 | D        | Found a glowing golden altar of the Shining One.
   284 | D        | Noticed a troll
   284 | D        | Noticed a hungry ghost
   284 | D        | Noticed a yak
   296 | D        | Killed a troll
   296 | D        | Reached * piety under Sif Muna
   296 | D        | Reached skill level 5 in Fighting
   296 | D        | Reached skill level 5 in Short Blades
   296 | D        | Reached skill level 5 in Long Blades
   296 | D        | Reached skill level 5 in Axes
   296 | D        | Reached skill level 5 in Maces & Flails
   296 | D        | Reached skill level 5 in Polearms
   296 | D        | Reached skill level 5 in Staves
   296 | D        | Reached skill level 5 in Slings
   296 | D        | Reached skill level 5 in Bows
   296 | D        | Reached skill level 5 in Crossbows
   296 | D        | Reached skill level 5 in Throwing
   296 | D        | Reached skill level 5 in Armour
   296 | D        | Reached skill level 5 in Shields
   296 | D        | Reached skill level 5 in Unarmed Combat
   296 | D        | Reached skill level 5 in Invocations
   296 | D        | Reached skill level 5 in Evocations
   296 | D        | Reached XP level 6. HP: 30/51 MP: 9/16
   296 | D        | Reached XP level 7. HP: 33/56 MP: 9/17
   305 | D        | Killed a hungry ghost
   305 | D        | Reached skill level 5 in Conjurations
   318 | D        | Killed a yak
   318 | D        | Reached ** piety under Sif Muna
   318 | D        | Reached skill level 6 in Invocations
   327 | D        | Noticed a basilisk
   327 | D        | Noticed a two-headed ogre
   327 | D        | Noticed a basilisk
   340 | D        | Killed a basilisk
   340 | D        | Reached XP level 8. HP: 42/64 MP: 19/19
   344 | D        | Reached skill level 5 in Hexes
   344 | D        | Reached skill level 5 in Charms
   344 | D        | Reached skill level 5 in Summonings
   344 | D        | Reached skill level 5 in Necromancy
   344 | D        | Reached skill level 5 in Translocations
   344 | D        | Reached skill level 5 in Transmutations
   344 | D        | Reached skill level 5 in Fire Magic
   344 | D        | Reached skill level 5 in Ice Magic
   344 | D        | Reached skill level 5 in Air Magic
   344 | D        | Reached skill level 5 in Earth Magic
   348 | D        | Killed a two-headed ogre
   348 | D        | Reached *** piety under Sif Muna
   348 | D        | Reached skill level 7 in Invocations
   349 | D        | Reached XP level 9. HP: 30/72 MP: 21/21
   540 | D        | Noticed a spiny frog
   550 | D        | Reached skill level 8 in Invocations
   555 | D        | Reached **** piety under Sif Muna
   557 | D        | Killed a spiny frog
   581 | D        | Reached ***** piety under Sif Muna
   581 | D        | Identified Sif Muna's Compendium of Transmutation (Sif Muna
                  | gifted it to you in the Dungeon)
   581 | D        | Received a gift from Sif Muna
   603 | D        | Learned a level 1 spell: Animate Skeleton
   645 | D        | Learned a level 3 spell: Ignite Poison
   645 | D        | Noticed a spiny frog
   645 | D        | Noticed a spiny frog
   645 | D        | Noticed a spiny frog
   652 | D        | Reached skill level 9 in Invocations
   652 | D        | Reached XP level 10. HP: 29/80 MP: 13/23
   654 | D        | Killed a spiny frog
   654 | D        | Killed a spiny frog
   658 | D        | Killed a spiny frog
   658 | D        | Reached skill level 10 in Spellcasting
   663 | D        | Noticed an elephant
   673 | D        | Killed an elephant
   673 | D        | Identified Sif Muna's Disquisition on the Blaze and
                  | Summoning (Sif Muna gifted it to you in the Dungeon)
   673 | D        | Received a gift from Sif Muna
   673 | D        | Reached skill level 10 in Dodging
   679 | D        | Learned a level 1 spell: Confusing Touch
   685 | D        | Learned a level 5 spell: Bolt of Magma
   713 | D        | Noticed a spiny frog
   720 | D        | Killed a spiny frog
   720 | D        | Reached skill level 10 in Stealth
   729 | D        | Reached skill level 10 in Invocations
   731 | D        | Identified Sefeth's Catalogue of the Oath (Sif Muna gifted
                  | it to you in the Dungeon)
   731 | D        | Received a gift from Sif Muna
   810 | D        | Noticed Erica
   820 | D        | Killed Erica
   820 | D        | Reached XP level 11. HP: 73/89 MP: 12/25
   886 | D        | Learned a level 3 spell: Tukima's Dance
   888 | D        | Learned a level 1 spell: Apportation
   889 | D        | Noticed an orc sorcerer
   892 | D        | Killed an orc sorcerer
   900 | D        | Received a gift from Sif Muna
   951 | D        | Learned a level 2 spell: Blink
   957 | D        | Identified Sif Muna's Improving Your Casting (Sif Muna
                  | gifted it to you in the Dungeon)
   957 | D        | Received a gift from Sif Muna
   969 | D        | Noticed an orc knight
   979 | D        | Reached ****** piety under Sif Muna
   982 | D        | Killed an orc knight
   982 | D        | Reached skill level 10 in Poison Magic
   982 | D        | Reached skill level 10 in Fighting
   982 | D        | Reached skill level 10 in Short Blades
   982 | D        | Reached skill level 10 in Long Blades
   982 | D        | Reached skill level 10 in Axes
   982 | D        | Reached skill level 10 in Maces & Flails
   982 | D        | Reached skill level 10 in Polearms
   982 | D        | Reached skill level 10 in Staves
   982 | D        | Reached skill level 10 in Slings
   982 | D        | Reached skill level 10 in Bows
   982 | D        | Reached skill level 10 in Crossbows
   982 | D        | Reached skill level 10 in Throwing
   982 | D        | Reached skill level 10 in Armour
   982 | D        | Reached skill level 10 in Shields
   982 | D        | Reached skill level 10 in Unarmed Combat
   982 | D        | Reached skill level 10 in Evocations
  1038 | D        | Found Paing's Assorted Antiques.
  1038 | D        | Noticed an orc sorcerer
  1040 | D        | Identified Sif Muna's Almanac of Thrice Damned Blessings
                  | (Sif Muna gifted it to you in the Dungeon)
  1040 | D        | Received a gift from Sif Muna
  1040 | D        | Noticed an orc sorcerer
  1042 | D        | Killed an orc sorcerer
  1045 | D        | Killed an orc sorcerer
  1045 | D        | Reached skill level 11 in Invocations
  1046 | D        | Noticed an orc sorcerer
  1055 | D        | Killed an orc sorcerer
  1060 | D        | Found Joiczoq's Assorted Antiques.
  1069 | D        | Found Sonk's Food Emporium.
  1078 | D        | Found Qilousk's Magic Scroll Shoppe.
  1082 | D        | Noticed an orc sorcerer
  1086 | D        | Noticed an orc sorcerer
  1087 | D        | Killed an orc sorcerer
  1093 | D        | Killed an orc sorcerer
  1093 | D        | Identified Sif Muna's Volume of Dusty Enhancements (Sif
                  | Muna gifted it to you in the Dungeon)
  1093 | D        | Received a gift from Sif Muna
  1095 | D        | Bought a scroll labeled LUESEM ZESSAH for 26 gold pieces
  1095 | D        | Bought a pair of glowing gloves for 195 gold pieces
  1095 | D        | Bought a black potion for 23 gold pieces
  1095 | D        | Bought a scroll labeled MUACITR PAZAIH for 26 gold pieces
  1110 | D        | Bought a fuming brown potion for 21 gold pieces
  1110 | D        | Bought a scroll labeled MUACITR PAZAIH for 24 gold pieces
  1133 | D        | Bought a scroll of identify for 26 gold pieces
  1133 | D        | Bought a scroll of enchant weapon for 97 gold pieces
  1133 | D        | Bought a scroll of fog for 26 gold pieces
  1137 | D        | Bought a crystal quick blade for 480 gold pieces
  1137 | D        | Identified the +9 quick blade of Fissiow {pierce, rC+} (You
                  | bought it in a shop in the Dungeon)
  1140 | D        | Bought a fine leather armour for 182 gold pieces
  1140 | D        | Bought a glass wand for 104 gold pieces
  1140 | D        | Bought a worn fluorescent wand for 104 gold pieces
  1140 | D        | Identified the +0 leather armour "Ruti" {Str+9 SInv} (You
                  | bought it in a shop in the Dungeon)
  1162 | D        | Bought a scroll of identify for 26 gold pieces
  1162 | D        | Bought a scroll of identify for 26 gold pieces
  1165 | D        | Bought a ration for 70 gold pieces
  1165 | D        | Bought a ration for 70 gold pieces
  1165 | D        | Bought a ration for 70 gold pieces
  1165 | D        | Bought a ration for 70 gold pieces
  1165 | D        | Bought a ration for 70 gold pieces
  1165 | D        | Bought a ration for 70 gold pieces
  1165 | D        | Bought a ration for 70 gold pieces
  1276 | D        | Got the +9 scimitar of Tuowaow {flame, Int+7}
  1334 | D        | Noticed a cyan ugly thing
  1337 | D        | Noticed a white ugly thing
  1338 | D        | Killed a cyan ugly thing
  1344 | D        | Killed a white ugly thing
  1353 | D        | Identified Sif Muna's Incunabulum of the Dislocated
                  | Entourage (Sif Muna gifted it to you in the Dungeon)
  1353 | D        | Received a gift from Sif Muna
  1355 | D        | Noticed a red ugly thing
  1359 | D        | Noticed a rakshasa
  1361 | D        | Noticed a glowing orange brain
  1366 | D        | Noticed a green very ugly thing
  1370 | D        | Killed a glowing orange brain
  1374 | D        | Killed a red ugly thing
  1374 | D        | Reached XP level 12. HP: 71/99 MP: 8/27
  1375 | D        | Killed a rakshasa
  1376 | D        | Noticed a great orb of eyes
  1376 | D        | Noticed a stone giant
  1391 | D        | Killed a great orb of eyes
  1391 | D        | Reached skill level 12 in Invocations
  1397 | D        | Killed a stone giant
  1397 | D        | Identified Sif Muna's Papyrus of the Destructive Snowflakes
                  | (Sif Muna gifted it to you in the Dungeon)
  1397 | D        | Received a gift from Sif Muna
  1410 | D        | Killed a red very ugly thing
  1556 | D        | Noticed an anaconda
  1556 | D        | Noticed an anaconda
  1556 | D        | Noticed an anaconda
  1559 | D        | Killed an anaconda
  1559 | D        | Reached skill level 10 in Conjurations
  1562 | D        | Killed an anaconda
  1563 | D        | Killed an anaconda
  1565 | D        | Noticed a naga warrior
  1571 | D        | Reached skill level 10 in Hexes
  1571 | D        | Reached skill level 10 in Charms
  1571 | D        | Reached skill level 10 in Summonings
  1571 | D        | Reached skill level 10 in Necromancy
  1571 | D        | Reached skill level 10 in Translocations
  1571 | D        | Reached skill level 10 in Transmutations
  1571 | D        | Reached skill level 10 in Fire Magic
  1571 | D        | Reached skill level 10 in Ice Magic
  1571 | D        | Reached skill level 10 in Air Magic
  1571 | D        | Reached skill level 10 in Earth Magic
  1577 | D        | Identified Sif Muna's Guide on Unholy Good Luck (Sif Muna
                  | gifted it to you in the Dungeon)
  1577 | D        | Received a gift from Sif Muna
  1584 | D        | Killed a naga warrior
  1623 | D        | Learned a level 4 spell: Passage of Golubria
  1631 | D        | Identified Qoashry's Papyrus of the Apprentice (Sif Muna
                  | gifted it to you in the Dungeon)
  1631 | D        | Received a gift from Sif Muna
  1631 | D        | Reached skill level 13 in Invocations
  1637 | D        | Reached XP level 13. HP: 82/108 MP: 11/29
  1659 | D        | Noticed a merfolk impaler
  1661 | D        | Identified Sif Muna's Sophisticated Rites and Rhymes (Sif
                  | Muna gifted it to you in the Dungeon)
  1661 | D        | Received a gift from Sif Muna
  1668 | D        | Killed a merfolk impaler
  1716 | D        | Received a gift from Sif Muna
  1775 | D        | Noticed Saint Roka
  1783 | D        | Identified Utseec's Compendium of the Lucky Entourage (Sif
                  | Muna gifted it to you in the Dungeon)
  1783 | D        | Received a gift from Sif Muna
  1791 | D        | Killed Saint Roka
  1855 | D        | Noticed Aizul
  1864 | D        | Killed Aizul
  1864 | D        | Reached skill level 14 in Invocations
  1899 | D        | Noticed a fire dragon
  1899 | D        | Noticed a vampire knight
  1916 | D        | Killed a fire dragon
  1920 | D        | Noticed a lich
  1930 | D        | Killed a lich
  1930 | D        | Identified Sif Muna's Handbook of Captivating Cold (Sif
                  | Muna gifted it to you in the Dungeon)
  1930 | D        | Received a gift from Sif Muna
  1958 | D        | Learned a level 3 spell: Regeneration
  1998 | D        | Killed a vampire knight
  2035 | D        | Noticed a fire giant
  2046 | D        | Killed a fire giant
  2053 | D        | Reached XP level 14. HP: 118/118 MP: 7/32
  2068 | D        | Noticed a fire giant
  2076 | D        | Killed a fire giant
  2076 | D        | Identified Sif Muna's Incunabulum of the Creative Frostbite
                  | (Sif Muna gifted it to you in the Dungeon)
  2076 | D        | Received a gift from Sif Muna
  2127 | D        | Learned a level 4 spell: Summon Lightning Spire
  2134 | D        | Learned a level 5 spell: Borgnjor's Vile Clutch
  2142 | D        | Noticed an ironheart preserver
  2146 | D        | Reached skill level 15 in Invocations
  2148 | D        | Killed an ironheart preserver
  2151 | D        | Identified Sif Muna's Tome of Captivating Changing (Sif
                  | Muna gifted it to you in the Dungeon)
  2151 | D        | Received a gift from Sif Muna
  2172 | D        | Noticed an ironheart preserver
  2182 | D        | Killed an ironheart preserver
  2182 | D        | Received a gift from Sif Muna
  2201 | D        | Reached skill level 15 in Spellcasting
  2230 | D        | Reached skill level 15 in Dodging
  2280 | D        | Identified Sif Muna's Disquisition on Excruciating
                  | Transmigration (Sif Muna gifted it to you in the Dungeon)
  2280 | D        | Received a gift from Sif Muna
  2280 | D        | Reached skill level 15 in Stealth
  2321 | D        | Noticed Frederick
  2322 | D        | Noticed Xtahua
  2324 | D        | Noticed Mennas
  2346 | D        | Killed Frederick
  2356 | D        | Paralysed by Xtahua for 5 turns
  2358 | D        | Killed Xtahua
  2358 | D        | Reached skill level 16 in Invocations
  2467 | D        | Killed Mennas
  2467 | D        | Reached skill level 15 in Fighting
  2467 | D        | Reached skill level 15 in Short Blades
  2467 | D        | Reached skill level 15 in Long Blades
  2467 | D        | Reached skill level 15 in Axes
  2467 | D        | Reached skill level 15 in Maces & Flails
  2467 | D        | Reached skill level 15 in Polearms
  2467 | D        | Reached skill level 15 in Staves
  2467 | D        | Reached skill level 15 in Slings
  2467 | D        | Reached skill level 15 in Bows
  2467 | D        | Reached skill level 15 in Crossbows
  2467 | D        | Reached skill level 15 in Throwing
  2467 | D        | Reached skill level 15 in Armour
  2467 | D        | Reached skill level 15 in Shields
  2467 | D        | Reached skill level 15 in Unarmed Combat
  2467 | D        | Reached skill level 15 in Evocations
  2467 | D        | Reached XP level 15. HP: 113/129 MP: 12/34
  2527 | D        | Noticed Nikola
  2534 | D        | Killed Nikola
  2704 | D        | Noticed Sojobo
  2704 | D        | Noticed a tengu reaver
  2704 | D        | Noticed a tengu reaver
  2712 | D        | Killed a tengu reaver
  2712 | D        | Identified Sif Muna's Grimoire of Air and the Mountains
                  | (Sif Muna gifted it to you in the Dungeon)
  2712 | D        | Received a gift from Sif Muna
  2712 | D        | Killed Sojobo
  2713 | D        | Killed a tengu reaver
  2739 | D        | Noticed Boris
  2757 | D        | Killed Boris
  2757 | D        | Reached skill level 17 in Invocations
  2779 | D        | Noticed Jory
  2792 | D        | Killed Jory
  2847 | D        | Learned a level 6 spell: Freezing Cloud
  2850 | D        | Noticed a nagaraja
  2856 | D        | Noticed a nagaraja
  2856 | D        | Identified Sif Muna's Disquisition on Lightness and Attacks
                  | (Sif Muna gifted it to you in the Dungeon)
  2856 | D        | Received a gift from Sif Muna
  2860 | D        | Killed a nagaraja
  2862 | D        | Killed a nagaraja
  2877 | D        | Noticed a nagaraja
  2885 | D        | Killed a nagaraja
  2885 | D        | Reached skill level 15 in Poison Magic
  2896 | D        | Identified Sif Muna's Almanac of Shifting Evil (Sif Muna
                  | gifted it to you in the Dungeon)
  2896 | D        | Received a gift from Sif Muna
  2903 | D        | Noticed a nagaraja
  2916 | D        | Killed a nagaraja
  2928 | D        | Got a serpentine rune of Zot
  2941 | D        | Noticed Ilsuiw
  2947 | D        | Reached XP level 16. HP: 125/139 MP: 24/37
  2951 | D        | Killed Ilsuiw
  2951 | D        | Identified Umuhir's Guide on the Burning Mountains (Sif
                  | Muna gifted it to you in the Dungeon)
  2951 | D        | Received a gift from Sif Muna
  2951 | D        | Reached skill level 18 in Invocations
  3004 | D        | Got a barnacled rune of Zot
  3025 | D        | Identified Sif Muna's Catalogue of Evil Rituals and Curses
                  | (Sif Muna gifted it to you in the Dungeon)
  3025 | D        | Received a gift from Sif Muna
  3040 | D        | Received a gift from Sif Muna
  3040 | D        | Reached skill level 15 in Conjurations
  3061 | D        | Got a decaying rune of Zot
  3081 | D        | Received a gift from Sif Muna
  3081 | D        | Reached skill level 15 in Hexes
  3081 | D        | Reached skill level 15 in Charms
  3081 | D        | Reached skill level 15 in Summonings
  3081 | D        | Reached skill level 15 in Necromancy
  3081 | D        | Reached skill level 15 in Translocations
  3081 | D        | Reached skill level 15 in Transmutations
  3081 | D        | Reached skill level 15 in Fire Magic
  3081 | D        | Reached skill level 15 in Ice Magic
  3081 | D        | Reached skill level 15 in Air Magic
  3081 | D        | Reached skill level 15 in Earth Magic
  3110 | D        | Identified Sif Muna's Grimoire of Confrontation and
                  | Translocation (Sif Muna gifted it to you in the Dungeon)
  3110 | D        | Received a gift from Sif Muna
  3135 | D        | Got a gossamer rune of Zot
  3150 | D        | Noticed Mara
  3162 | D        | Learned a level 7 spell: Orb of Destruction
  3178 | D        | Killed Mara
  3178 | D        | Reached skill level 19 in Invocations
  3262 | D        | Identified Udiuc's Papyrus of Attacks (Sif Muna gifted it
                  | to you in the Dungeon)
  3262 | D        | Received a gift from Sif Muna
  3293 | D        | Identified Sif Muna's Grimoire of Attacks (Sif Muna gifted
                  | it to you in the Dungeon)
  3293 | D        | Received a gift from Sif Muna
  3320 | D        | Reached XP level 17. HP: 150/150 MP: 7/39
  3358 | D        | Identified Sif Muna's Collected Works on Creative
                  | Orientation (Sif Muna gifted it to you in the Dungeon)
  3358 | D        | Received a gift from Sif Muna
  3399 | D        | Reached skill level 20 in Invocations
  3399 | D        | Identified Sif Muna's Almanac of Necromancy and Attacks
                  | (Sif Muna gifted it to you in the Dungeon)
  3399 | D        | Received a gift from Sif Muna
  3431 | D        | Identified Sif Muna's Catalogue of the Dark Escort (Sif
                  | Muna gifted it to you in the Dungeon)
  3431 | D        | Received a gift from Sif Muna
  3499 | D        | Noticed a tentacled monstrosity
  3507 | D        | Killed a tentacled monstrosity
  3507 | D        | Identified Fohosa's Collected Works on Unholy Rites and Air
                  | (Sif Muna gifted it to you in the Dungeon)
  3507 | D        | Received a gift from Sif Muna
  3560 | D        | Got a silver rune of Zot
  3562 | D        | Identified the +0 pair of boots "Xyam" {rF+ Str+3} (You
                  | found it in the Dungeon)
  3612 | D        | Noticed Louise
  3617 | D        | Killed Louise
  3617 | D        | Identified Sif Muna's Papyrus of Transmigration and Evil
                  | Magic (Sif Muna gifted it to you in the Dungeon)
  3617 | D        | Received a gift from Sif Muna
  3668 | D        | Got the ring of Xom's Flight of Fancy {-Tele +Inv rPois
                  | MR+++ Str+3}
  3673 | D        | Got the ring "Zotesed" {Ice *Contam +Blink Int+9 Dex-4}
  3675 | D        | Got the ring "Utohiyn" {-Tele *Drain rElec Str+3 Dex+8}
  3678 | D        | Got the ring of Yxausioch {rC+ Dex+4}
  3685 | D        | Got the +5 broad axe of the Pyrrhic Victory {pain, rElec}
  3690 | D        | Got the +5 double sword of Midwinter {holy, rF+ Int+2}
  3850 | D        | Learned a level 6 spell: Statue Form
  3852 | D        | Noticed a quicksilver dragon
  3857 | D        | Reached skill level 21 in Invocations
  3860 | D        | Killed a quicksilver dragon
  3864 | D        | Identified Sif Muna's Disquisition on Glacial Beguiling
                  | (Sif Muna gifted it to you in the Dungeon)
  3864 | D        | Received a gift from Sif Muna
  3865 | D        | Noticed a sphinx
  3871 | D        | Killed a sphinx
  3914 | D        | Reached XP level 18. HP: 156/162 MP: 42/42
  3914 | D        | Received a gift from Sif Muna
  3999 | D        | Received a gift from Sif Muna
  4043 | D        | Noticed an electric golem
  4046 | D        | Killed an electric golem
  4048 | D        | Received a gift from Sif Muna
  4048 | D        | Reached skill level 22 in Invocations
  4091 | D        | Noticed a quicksilver dragon
  4104 | D        | Killed a quicksilver dragon
  4142 | D        | Noticed a Killer Klown
  4142 | D        | Noticed a tentacled monstrosity
  4147 | D        | Noticed a tentacled monstrosity
  4150 | D        | Killed a Killer Klown
  4154 | D        | Killed a tentacled monstrosity
  4161 | D        | Killed a tentacled monstrosity
  4161 | D        | Reached skill level 23 in Invocations
  4258 | D        | Noticed an Orb Guardian
  4258 | D        | Noticed an Orb Guardian
  4258 | D        | Noticed an Orb Guardian
  4258 | D        | Noticed an Orb Guardian
  4258 | D        | Noticed an Orb Guardian
  4258 | D        | Noticed an Orb Guardian
  4261 | D        | Noticed an Orb Guardian
  4264 | D        | Killed an Orb Guardian
  4264 | D        | Killed an Orb Guardian
  4264 | D        | Killed an Orb Guardian
  4264 | D        | Killed an Orb Guardian
  4264 | D        | Reached XP level 19. HP: 166/174 MP: 40/45
  4328 | D        | Reached skill level 24 in Invocations
  4352 | D        | Learned a level 8 spell: Ignition
  4353 | D        | Noticed an ancient lich
  4357 | D        | Paralysed by an ancient lich for 7 turns
  4364 | D        | Killed an ancient lich
  4404 | D        | Learned a level 9 spell: Glaciate
  4413 | D        | Noticed an orb of fire
  4414 | D        | Noticed an electric golem
  4417 | D        | Killed an orb of fire
  4417 | D        | Killed an electric golem
  4425 | D        | Noticed an ancient lich
  4425 | D        | Noticed a golden dragon
  4427 | D        | Noticed an orb of fire
  4429 | D        | Killed a golden dragon
  4429 | D        | Noticed an orb of fire
  4432 | D        | Killed an ancient lich
  4433 | D        | Killed an orb of fire
  4433 | D        | Reached skill level 25 in Invocations
  4434 | D        | Killed an orb of fire
  4434 | D        | Reached XP level 20. HP: 135/186 MP: 21/47
  4445 | D        | Noticed a Killer Klown
  4449 | D        | Noticed a golden dragon
  4463 | D        | HP: 9/187 [Killer Klown/+11 club of flaming (1)]
  4464 | D        | Demolished by a Killer Klown

Levels and vault maps discovered:
D:        linesprint [early_d, line_temple, items_1, d_10, items_2, lair_1,
          lair_end, items_3, orc_1, orc_end, items_4, d_15, swamp_1, shoals_1,
          snake_1, spider_1, d_20, vaults_1, items_5, swamp_end, shoals_end,
          snake_end, spider_end, vaults_end, d_27, items_6, zot_1, zot_end,
          crypt_end, forest_end, elf_end, slime_end, tomb_end, abyss_end,
          pan_hell_end]

Skill      XL: |  1  2  3  4  5  6  7  8  9 10 11 12 13 14 15 16 17 18 19 20 |
---------------+-------------------------------------------------------------+-----
Conjurations   | 2 3 4 5 6 7 8 9 10 11 13 14 15 17 19 20 | 20.7
Spellcasting   | 5 6 7 8 9 10 11 12 14 15 17 18 20 22 23 24 | 24.0
Invocations    | 1 3 5 6 7 9 10 11 13 14 16 17 19 21 23 25 | 25.3
Fighting       | 1 2 3 5 6 7 8 9 10 12 13 15 16 18 20 21 23 | 23.6
Short Blades   | 1 2 3 5 6 7 8 9 10 12 13 15 16 18 20 21 23 | 23.6
Long Blades    | 1 2 3 5 6 7 8 9 10 12 13 15 16 18 20 21 23 | 23.6
Axes           | 1 2 3 5 6 7 8 9 10 12 13 15 16 18 20 21 23 | 23.6
Maces & Flails | 1 2 3 5 6 7 8 9 10 12 13 15 16 18 20 21 23 | 23.6
Polearms       | 1 2 3 5 6 7 8 9 10 12 13 15 16 18 20 21 23 | 23.6
Staves         | 1 2 3 5 6 7 8 9 10 12 13 15 16 18 20 21 23 | 23.6
Slings         | 1 2 3 5 6 7 8 9 10 12 13 15 16 18 20 21 23 | 23.6
Bows           | 1 2 3 5 6 7 8 9 10 12 13 15 16 18 20 21 23 | 23.6
Crossbows      | 1 2 3 5 6 7 8 9 10 12 13 15 16 18 20 21 23 | 23.6
Throwing       | 1 2 3 5 6 7 8 9 10 12 13 15 16 18 20 21 23 | 23.6
Armour         | 1 2 3 5 6 7 8 9 10 12 13 15 16 18 20 21 23 | 23.6
Shields        | 1 2 3 5 6 7 8 9 10 12 13 15 16 18 20 21 23 | 23.6
Unarmed Combat | 1 2 3 5 6 7 8 9 10 12 13 15 16 18 20 21 23 | 23.6
Evocations     | 1 2 3 5 6 7 8 9 10 12 13 15 16 18 20 21 23 | 23.6
Dodging        | 5 6 7 8 9 10 11 12 14 15 17 18 20 22 23 | 23.9
Stealth        | 5 6 7 8 9 10 11 12 14 15 17 18 20 22 23 | 23.9
Hexes          | 2 4 5 6 7 9 10 11 13 14 15 17 18 20 | 20.6
Charms         | 2 4 5 6 7 9 10 11 13 14 15 17 18 20 | 20.6
Summonings     | 2 4 5 6 7 9 10 11 13 14 15 17 18 20 | 20.6
Necromancy     | 2 4 5 6 7 9 10 11 13 14 15 17 18 20 | 20.6
Translocations | 2 4 5 6 7 9 10 11 13 14 15 17 18 20 | 20.6
Transmutations | 2 4 5 6 7 9 10 11 13 14 15 17 18 20 | 20.6
Fire Magic     | 2 4 5 6 7 9 10 11 13 14 15 17 18 20 | 20.6
Ice Magic      | 2 4 5 6 7 9 10 11 13 14 15 17 18 20 | 20.6
Air Magic      | 2 4 5 6 7 9 10 11 13 14 15 17 18 20 | 20.6
Earth Magic    | 2 4 5 6 7 9 10 11 13 14 15 17 18 20 | 20.6
Poison Magic   | 6 7 8 9 10 11 12 14 15 16 17 19 20 21 | 21.0

Action                   |  1- 3 |  4- 6 |  7- 9 | 10-12 | 13-15 | 16-18 | 19-21 || total
-------------------------+-------+-------+-------+-------+-------+-------+-------++-------
Melee: Unarmed           |     1 |       |       |       |       |       |       ||     1
       Dagger            |     2 |     9 |       |       |       |       |       ||    11
       Bite              |     1 |     4 |     2 |     5 |     3 |     2 |     4 ||    21
       Rapier            |       |     9 |     9 |       |       |       |       ||    18
       Punch             |       |     1 |     1 |     5 |     3 |     4 |     3 ||    17
       Scimitar          |       |       |     8 |     7 |    11 |    13 |    20 ||    59
       Halberd           |       |       |    41 |    23 |     6 |       |       ||    70
       Quick blade       |       |       |       |    14 |    16 |       |       ||    30
       Long sword        |       |       |       |       |     2 |       |       ||     2
 Fire: Longbow           |       |       |       |       |    86 |   134 |    19 ||   239
Throw: Javelin           |       |       |       |       |       |    99 |    17 ||   116
 Cast: Sting             |     8 |       |       |     4 |       |       |       ||    12
       Poisonous Vapours |     3 |     1 |     2 |    12 |     5 |       |       ||    23
       Olgreb's Toxic Ra |       |     1 |     4 |    16 |    14 |     7 |     1 ||    43
       Mephitic Cloud    |       |     1 |     2 |    28 |    37 |    19 |     1 ||    88
       Animate Skeleton  |       |       |     6 |    28 |    33 |    50 |     1 ||   118
       Venom Bolt        |       |       |     4 |     8 |       |       |       ||    12
       Ignite Poison     |       |       |     1 |    23 |    28 |    20 |     2 ||    74
       Bolt of Magma     |       |       |       |    30 |    45 |    15 |       ||    90
       Blink             |       |       |       |     2 |     2 |     1 |       ||     5
       Passage of Golubr |       |       |       |       |    10 |     7 |       ||    17
       Regeneration      |       |       |       |       |    12 |    13 |     2 ||    27
       Dragon's Call     |       |       |       |       |     2 |       |       ||     2
       Borgnjor's Vile C |       |       |       |       |    26 |    42 |     4 ||    72
       Summon Lightning  |       |       |       |       |     2 |       |       ||     2
       Statue Form       |       |       |       |       |     1 |     1 |       ||     2
       Freezing Cloud    |       |       |       |       |     2 |    15 |     1 ||    18
       Orb of Destructio |       |       |       |       |       |     5 |     2 ||     7
       Glaciate          |       |       |       |       |       |       |     9 ||     9
       Necromutation     |       |       |       |       |       |       |     1 ||     1
       Confusing Touch   |       |       |       |       |       |       |     1 ||     1
Invok: Channel Magic     |       |       |     3 |    17 |    18 |    15 |     4 ||    57
       Divine Exegesis   |       |       |       |       |     3 |       |     1 ||     4
       Forget Spell      |       |       |       |       |       |     1 |     2 ||     3
 Abil: End Transformatio |       |       |       |       |       |     1 |       ||     1
Evoke: Staff of energy   |       |       |       |     1 |       |       |       ||     1
       Wand              |       |       |       |     1 |       |       |       ||     1
  Use: Potion            |     1 |     1 |     2 |     2 |     4 |       |       ||    10
       Scroll            |       |       |       |    12 |     6 |     4 |       ||    22
 Stab: Sleeping          |       |     2 |     1 |       |       |       |       ||     3
       Confused          |       |     1 |     1 |     8 |     3 |     1 |       ||    14
       Distracted        |       |       |       |     1 |       |       |       ||     1
  Eat: Chunk             |       |       |     5 |     9 |    14 |    11 |     2 ||    41
       Ration            |       |       |       |     1 |       |       |       ||     1
Armor: Robe              |     1 |       |     3 |       |       |       |       ||     4
       Leather armour    |       |       |     1 |     4 |       |       |       ||     5
       Scale mail        |       |       |       |     4 |    15 |    52 |     7 ||    78
       Skin              |       |       |       |       |     2 |       |       ||     2
Dodge: Dodged            |     1 |    10 |    52 |    37 |    40 |    70 |    16 ||   226
       Rpst.: Scimitar   |       |       |     2 |     5 |     3 |    11 |     2 ||    23

Table legend:
 A = Non-vault XP
 B = Vault XP
 C = Vault XP percentage of total XP
 D = Non-vault monster count
 E = Vault monster count
 F = Vault count percentage of total count
                 A         B        C        D         E       F
            +---------+---------+-------+---------+---------+-------
      Total |       0 |  411478 | 100.0 |       0 |     382 | 100.0
            +---------+---------+-------+---------+---------+-------
          D |       0 |  411478 | 100.0 |       0 |     382 | 100.0
            +---------+---------+-------+---------+---------+-------
